AoeStats
← ESCAPE.exe

Arena

504689513Analyzed
4v4 RM · 27d ago on Sep 6, 2026· 61m 35s· 8 players
Game mode
Random Map
Map size
Large (8 player)
Population
200
Speed
Normal
Resources
Standard
Victory
Conquest
Starting age
Dark Age
Ending age
Imperial Age
RankedLock teamsTeams togetherTeam positionsShared explorationLock speedFull tech treeHidden civsTurbo modeCheats
Victory
Defeat
🇨🇳 Khmer · China
1023
+15
🇨🇳 Franks · China
1018
+15
🇭🇰 Lithuanians · Hong Kong SAR China
947
+18
🇨🇳 Italians · China
939
+17
🇲🇽 Persians · Mexico
1007
-17
🇺🇸 Inca · United States
999
-17
🇹🇷 Bohemians · Türkiye
981
-16
🇮🇳 Italians · India
968
-24
Johnley oner
0:28 Loom
11:05 Feudal Age
12:23 Wheelbarrow
11:37 Double-Bit Axe
11:39 Horse Collar
20:21 Castle Age
19:01 Stone Mining
19:44 Gold Mining
21:51 Hand Cart
21:51 Bow Saw
21:46 Heavy Plow
27:46 Gold Shaft Mining
27:54 Stone Shaft Mining
32:08 Imperial Age
29:40 Fletching
29:57 Squires
30:56 Murder Holes
31:41 Forging
31:32 Scale Mail Armor
31:21 Arson
31:36 Bodkin Arrow
33:36 Iron Casting
33:18 Chain Mail Armor
32:36 Elite Kamayuk
33:40 Conscription
33:24 Fabric Shields
36:08 Blast Furnace
36:56 Plate Mail Armor
39:51 Onager
40:39 Caravan
41:38 Bracer
42:45 Arrowslits
43:23 Ballistics
Hediyelik Yogurt
3:04 Loom
10:42 Feudal Age
15:10 Castle Age
14:27 Padded Archer Armor
16:11 Wheelbarrow
15:24 Double-Bit Axe
15:22 Horse Collar
21:51 Chemistry
22:17 Heavy Plow
24:39 Padded Archer Armor
27:25 Hand Cart
27:30 Squires
30:08 Imperial Age
27:24 Town Watch
28:23 Pikeman
29:11 Scale Mail Armor
30:39 Halberdier
31:38 Bow Saw
35:12 Chain Mail Armor
35:08 Forging
35:14 Leather Archer Armor
36:34 Bombard Tower
37:32 Plate Mail Armor
37:37 Iron Casting
hugobsky
5:21 Loom
11:06 Feudal Age
15:06 Castle Age
13:35 Double-Bit Axe
20:15 Horse Collar
21:51 Bow Saw
22:58 Heavy Plow
25:01 Wheelbarrow
30:54 Imperial Age
29:05 Hand Cart
28:54 Scale Mail Armor
29:38 Forging
29:45 Gold Mining
29:47 Stone Mining
30:25 Ballistics
30:30 Squires
29:51 Pikeman
31:11 Iron Casting
30:26 Town Watch
31:39 Scale Barding Armor
31:31 Gambesons
31:10 Halberdier
33:35 Chemistry
33:38 Blast Furnace
34:17 Chain Barding Armor
35:07 Bloodlines
34:36 Light Cavalry
35:20 Husbandry
36:36 Heavy Camel Rider
41:19 Fletching
42:12 Bodkin Arrow
47:42 Hussar
47:45 Cavalier
53:19 Chain Mail Armor
ESCAPE.exe
10:05 Feudal Age
16:58 Gold Mining
16:58 Horse Collar
17:04 Double-Bit Axe
20:10 Castle Age
18:34 Stone Mining
19:45 Bloodlines
21:48 Bow Saw
22:16 Stone Shaft Mining
23:07 Crossbowman
23:54 Thumb Ring
26:02 Wheelbarrow
25:13 Town Watch
25:16 Loom
32:06 Imperial Age
29:53 Hand Cart
31:47 Silk Road
32:47 Padded Archer Armor
32:14 Arbalester
32:25 Elite Genoese Crossbowman
35:16 Fletching
35:38 Town Patrol
39:02 Chemistry
43:31 Murder Holes
路一司
10:08 Feudal Age
14:26 Castle Age
16:40 Double-Bit Axe
24:29 Horse Collar
25:11 Bow Saw
26:31 Wheelbarrow
26:37 Wheelbarrow
26:58 Ballistics
26:51 Fletching
27:01 Padded Archer Armor
27:49 Gold Mining
27:49 Stone Mining
30:48 Imperial Age
28:51 Hand Cart
29:05 Treadmill Crane
29:36 Masonry
29:37 Fortified Wall
30:09 Stone Shaft Mining
29:36 Heavy Plow
29:56 Bodkin Arrow
30:16 Leather Archer Armor
30:29 Loom
30:29 Town Watch
32:01 Thumb Ring
32:02 Bracer
32:32 Ring Archer Armor
32:08 Scale Barding Armor
32:14 Forging
33:08 Two-Man Saw
32:40 Crop Rotation
32:52 Silk Road
32:52 Conscription
33:57 Husbandry
34:07 Bloodlines
33:17 Light Cavalry
35:10 Chemistry
34:42 Architecture
34:17 Squires
34:58 Town Patrol
34:37 Elite Genoese Crossbowman
36:04 Hussar
39:56 Iron Casting
39:41 Chain Barding Armor
42:00 Caravan
43:40 Blast Furnace
43:15 Plate Barding Armor
42:44 Scale Mail Armor
47:56 Chain Mail Armor
56:36 Plate Mail Armor
hqitbkv
1:02 Loom
12:12 Feudal Age
16:23 Castle Age
15:44 Double-Bit Axe
16:15 Horse Collar
17:14 Wheelbarrow
22:25 Wheelbarrow
24:23 Bow Saw
26:17 Hand Cart
26:12 Gold Mining
26:15 Stone Mining
29:46 Stone Shaft Mining
32:50 Imperial Age
30:04 Treadmill Crane
31:09 Forging
31:05 Scale Barding Armor
32:46 Fortified Wall
32:47 Masonry
33:15 Iron Casting
33:00 Chain Barding Armor
33:29 Bloodlines
33:19 Husbandry
34:01 Conscription
33:43 Tower Shields
33:11 Cavalier
34:07 Light Cavalry
34:28 Paladin
35:08 Onager
37:06 Winged Hussar
45:53 Chemistry
48:36 Elite Leitis
53:17 Caravan
小鱼儿
0:39 Loom
11:39 Feudal Age
12:20 Double-Bit Axe
18:17 Castle Age
32:56 Imperial Age
31:29 Gold Mining
31:41 Husbandry
31:54 Forging
31:49 Scale Barding Armor
34:06 Iron Casting
33:51 Chain Barding Armor
32:57 Cavalier
37:00 Wheelbarrow
36:11 Town Watch
36:26 Paladin
41:43 Blast Furnace
42:48 Plate Barding Armor
43:34 Chemistry
42:31 Murder Holes
43:02 Ballistics
49:07 Scale Mail Armor
48:58 Fletching
49:08 Padded Archer Armor
50:06 Caravan
lingluo
0:29 Loom
13:28 Feudal Age
16:13 Castle Age
14:15 Double-Bit Axe
14:42 Horse Collar
17:55 Bow Saw
17:47 Heavy Plow
17:47 Stone Mining
20:26 Stone Shaft Mining
21:08 Gold Mining
23:01 Gold Shaft Mining
27:17 Wheelbarrow
29:55 Imperial Age
28:42 Hand Cart
28:12 Town Watch
28:39 Scale Barding Armor
29:54 Chain Barding Armor
30:05 Ballistics
30:46 Forging
30:54 Bloodlines
30:44 Husbandry
31:51 Chemistry
31:24 Crop Rotation
31:50 Plate Barding Armor
31:22 Siege Engineers
30:51 Light Cavalry
31:43 Town Patrol
32:25 Murder Holes
33:07 Iron Casting
33:18 Conscription
33:27 Double Crossbow
33:45 Elite Ballista Elephant
35:47 Blast Furnace
34:59 Masonry
44:31 Hussar
51:02 Caravan
53:05 Architecture
52:48 Fortified Wall
54:43 Hoardings
Connection lost

Rejoining the realm…

Still unreachable

The connection could not be restored.

Session expired

The server has moved on; the page needs a fresh start.